 Seeded DCSS version 0.29.1-2-gbd0b4ee654 (webtiles) character file.

Game seed: 6106794351559856094 (custom seed)

74 GigaChad the Covered (level 4, 0/40 HPs)
             Began as a Minotaur Fighter on Nov 21, 2022.
             Succumbed to a hobgoblin's curare-tipped dart
             ... on level 2 of the Dungeon.
             The game lasted 00:03:58 (1996 turns).

GigaChad the Covered (Minotaur Fighter)             Turns: 1996, Time: 00:03:58

Health: 0/40       AC: 12    Str: 22    XL:     4   Next: 9%
Magic:  3/3        EV:  6    Int:  5    God:
Gold:   59         SH:  4    Dex: 10    Spells: 3/3 levels left

rFire   . . .      SeeInvis .   e - +0 trident (pain)
rCold   . . .      Faith    .   c - +0 buckler
rNeg    . . .      Spirit   .   i - +0 plate armour
rPois   .          Reflect  .   (helmet restricted)
rElec   .          Harm     .   (no cloak)
rCorr   .          Rampage  .   (no gloves)
Will    .....                   (no boots)
Stlth   ..........              (no amulet)
HPRegen 0.13/turn               (no ring)
MPRegen 0.08/turn               (no ring)

@: lethally poisoned (0 -> -13), slowed, very slow
A: horns 2, retaliatory headbutt
a: no special abilities


You were on level 2 of the Dungeon.
You visited 1 branch of the dungeon, and saw 2 of its levels.

You collected 59 gold pieces.

Inventory:

Hand Weapons
 a - a +1 war axe
 e - a +0 trident of pain (weapon)
Armour
 b - a +0 scale mail
 c - a +0 buckler (worn)
 i - a +0 plate armour (worn)
Scrolls
 f - a scroll of identify {unknown}
Potions
 d - a potion of might
 g - a potion of curing {unknown}
 h - a potion of flight {unknown}


   Skills:
 * Level 4.1 Fighting
 + Level 3.6 Axes
 + Level 0.2(2.2) Polearms
 * Level 4.4 Armour
 + Level 0.1 Stealth
 * Level 4.1 Shields


You had 3 spell levels left.
You didn't know any spells.
Your spell library was empty.

Dungeon Overview and Level Annotations

Branches:
Dungeon (2/15)

Altars:


Innate Abilities, Weirdness & Mutations

You have a pair of horns on your head.
You reflexively headbutt those who attack you in melee.


Message History

You reach to attack!
You barely miss the giant cockroach. You hit the giant cockroach.
You headbutt the giant cockroach.
You kill the giant cockroach!
No target in view!
No target in view!
A hobgoblin is nearby!
A hobgoblin is nearby!
The hobgoblin shouts!
The hobgoblin throws a curare-tipped dart.
The curare-tipped dart hits you.
You are poisoned.
You have difficulty breathing.
You feel yourself slow down.
A hobgoblin is nearby!
You feel very sick.
You feel very sick.
The hobgoblin throws a curare-tipped dart.
The curare-tipped dart hits you.
You are lethally poisoned!
You have difficulty breathing.
You feel as though you will be slow longer.
You reach to attack!
You hit the hobgoblin.
The hobgoblin is severely wounded.
* * * LOW HITPOINT WARNING * * *
You feel extremely sick.
The hobgoblin hits you but does no damage.
You are too injured to fight recklessly!
You are too injured to fight recklessly!
You are too injured to fight recklessly!
You are too injured to fight recklessly!
You are too injured to fight recklessly!
You are too injured to fight recklessly!
You are too injured to fight recklessly!
You hit the hobgoblin but do no damage.
The hobgoblin is severely wounded.
* * * LOW HITPOINT WARNING * * *
You feel extremely sick. The hobgoblin barely misses you.
You puncture the hobgoblin!
You kill the hobgoblin!
You die...

..##.####.##.....####
##...##.# ..##.#
#.##......8# ##.##.##
..##.# #....#.....##
#.##..# .....#
######8.....####
####.#. .#####
###.....#8###8###.#.
.# ##............#.#.
.# #⌠...............
.# ###
##............###. >#
#.###@(...#8###8## #.
.# #.#8.....#### # #.
.# ##.#..)..## #. .#
##.......8# #. .#
#######.......#######
#. .#
#............##.....#
##. .#
#.........#8#######.#
#..
.###..#......###.#
#.# #..
..#..............#
#.# #..


There were no monsters in sight!

Vanquished Creatures
  Robin (D:2)
  A worm (D:2)
  A dart slug (D:2)
  4 ball pythons
  4 endoplasms
  3 giant cockroaches
  14 goblins
  4 hobgoblins
  4 jackals (D:2)
  3 quokkas
  2 bats (D:1)
  5 frilled lizards
  4 kobolds
  3 rats
53 creatures vanquished.

Notes
Turn   | Place    | Note
-------+----------+-------------------------------------------
     0 | D:1      | GigaChad the Minotaur Fighter began the quest for the Orb.
     0 | D:1      | Reached XP level 1. HP: 19/19 MP: 0/0
   270 | D:1      | Reached XP level 2. HP: 27/27 MP: 1/1
  1149 | D:2      | Noticed Robin
  1156 | D:2      | Reached XP level 3. HP: 26/33 MP: 2/2
  1159 | D:2      | Killed Robin
  1691 | D:2      | Reached XP level 4. HP: 38/40 MP: 3/3
  1996 | D:2      | Succumbed to a hobgoblin's curare-tipped dart

Illustrated notes

Levels and vault maps discovered:
D:1:      minmay_arrival_three_doors, layout_loops_ring, minmay_parallelograms,
          minivault_24
D:2:      layout_loops_ring, chequers_hall_statues_y, uniq_robin

Skill      XL: |  1  2 |
---------------+-------+-----
Armour         | 4 |  4.4
Fighting       | 4 |  4.1
Axes           | 3 |  3.6
Shields        | 4 |  4.1
Polearms       | |  0.2
Stealth        | |  0.1

Action                   |  1- 3 |  4- 6 || total
-------------------------+-------+-------++-------
Melee: War axe           |    50 |       ||    50
       Headbutt          |    11 |     2 ||    13
       Trident           |    42 |    11 ||    53
  Use: Scroll            |     3 |       ||     3
Armor: Scale mail        |    13 |       ||    13
       Plate armour      |    55 |     2 ||    57
Dodge: Dodged            |    48 |     4 ||    52
Block: Buckler           |    22 |       ||    22
